 Dungeon Crawl Stone Soup version 0.16-a0-778-g0731923 (webtiles) character file.

56 Psiweapon the Sneak (level 3, 0/14 HPs)
             Began as a Felid Summoner on Sept 25, 2014.
             Killed from afar by hunterx7d's ghost (10 damage)
             ... with a magic dart
             ... on Level 4 of the Dungeon.
             The game lasted 00:24:07 (4947 turns).

Psiweapon the Sneak (Felid Summoner)                Turns: 4947, Time: 00:24:07

HP   0/14        AC  1     Str  4      XL: 3   Next: 71%
MP   1/8         EV 19     Int 17      God:
Gold 233         SH  0     Dex 16      Spells:  2 memorised,  3 levels left
Lives: 0, deaths: 1

rFire  + . .     SeeInvis +       - Unarmed
rCold  . . .     Clarity  .     (armour unavailable)
rNeg   + . .     rCorr    .     (shield unavailable)
rPois  .         rRot     .     (helmet unavailable)
rElec  .         Spirit   .     (cloak unavailable)
SustAb .         Warding  +     (gloves unavailable)
rMut   .         Stasis   .     (boots unavailable)
Gourm  .                        f - amulet of warding
MR     .....                    t - ring of flight
                                g - ring of protection from fire

@: very slightly contaminated, quick, not resistant to hostile enchantments,
stealthy
A: paw claws, no armour, no weapons or thrown items, fangs 3, see invisible,
carnivore 3, speed 1, shaggy fur 1, slow metabolism 1, jump 1
a: Jump Attack, Evoke Flight


You were on level 4 of the Dungeon.
You were not hungry.

You visited 1 branch of the dungeon, and saw 4 of its levels.

You collected 233 gold pieces.

Inventory:

Comestibles
 c - 5 meat rations
 d - a slice of pizza
 p - 2 beef jerkies
Scrolls
 a - 6 scrolls of fear {unknown}
 h - 2 scrolls of enchant weapon {unknown}
 i - a scroll of fog {unknown}
 k - a scroll of recharging {unknown}
 m - 2 scrolls of blinking {unknown}
 n - a scroll of amnesia {unknown}
 u - a scroll of remove curse
Jewellery
 f - an amulet of warding (around neck)
 g - a ring of protection from fire (left paw)
 o - an uncursed amulet of stasis
 t - a ring of flight (right paw)
Potions
 e - 5 potions of curing
 j - a potion of degeneration
 l - a potion of confusion
 q - 2 potions of might
Books
 b - a book of Callings

   Spells                             Type                      Level
   *Summon Small Mammal               Summoning                    1
   *Call Imp                          Summoning                    2
   Call Canine Familiar               Summoning                    3
   Summon Guardian Golem              Hexes/Summoning              4
   Summon Lightning Spire             Summoning/Air                4
   Summon Ice Beast                   Ice/Summoning                4


   Skills:
 + Level 3.9 Dodging
 - Level 4.6 Stealth
 + Level 1.5 Unarmed Combat
 - Level 2.0 Spellcasting
 + Level 4.6 Summonings


You had 3 spell levels left.
You knew the following spells:

 Your Spells              Type           Power        Failure   Level  Hunger
a - Summon Small Mammal   Summ           ###.         2%          1    #......
b - Call Imp              Summ           ###.....     4%          2    ###....


Dungeon Overview and Level Annotations

Branches:
Dungeon (4/15)
 Temple: D:4-7

Altars:
Okawaru
Trog
Yredelemnul
The Shining One

Annotations:
D:4 hunterx7d's ghost, average DsWz


Innate Abilities, Weirdness & Mutations

You cannot wear armour.
You are incapable of wielding weapons or throwing items.
Your paws have sharp claws.
You have razor-sharp teeth.
You have supernaturally acute eyesight.
You are carnivorous and can eat meat at any time.
You cover ground quickly.
You are covered in fur (AC +1).
You have a slow metabolism.
You can jump attack at a short distance.


Message History

Confirm with . or Enter, or press ? or * to list all spells.
You miscast Call Imp.
You are very lightly contaminated with residual magic.
Your brain hurts!
Casting: Call Imp
Confirm with . or Enter, or press ? or * to list all spells.
A beastly little devil appears in a puff of frigid air.
The goblin completely misses you.
Your crimson imp closely misses the goblin.
Your crimson imp disappears in a puff of smoke!
Casting: Call Imp
Confirm with . or Enter, or press ? or * to list all spells.
A beastly little devil appears in a puff of frigid air.
Your white imp gestures at the goblin.
The puff of frost hits the goblin.
The goblin dies!
Hunterx7d's ghost points at you and mumbles some strange words.
The magic dart hits you!
Ouch! That really hurt!
You die...

.............. .
#.......# ..#
.....#......8# ._
............###### #
.....#......8#.._#_!
............#...#...
................#
.........5....###
.........@....8#8..
.......5ยง.5.....#
.....#.#.#######
..##.#.#W# . #......
..5.... #../....
#5....... .......


You could see hunterx7d's ghost, a white imp, a friendly crimson imp and 3
friendly white imps.

Vanquished Creatures
  2 worms (D:2)
  An adder skeleton (D:4)
  2 giant geckos (D:3)
  An orc (D:3)
  8 bats
  3 goblins
  A jackal (D:3)
  2 quokkas
  2 giant newts
  3 kobolds
  6 rats
31 creatures vanquished.

Vanquished Creatures (collateral kills)
  Ijyb (D:3)
  A gnoll (D:1)
  3 adders (D:2)
  4 giant geckos
  An ooze (D:1)
  5 giant cockroaches
  10 goblins
  10 hobgoblins
  5 jackals
  7 kobolds
  A ball python (D:1)
  4 bats
  2 giant newts
  A kobold skeleton (D:3)
  A rat (D:3)
56 creatures vanquished.

Vanquished Creatures (others)
  A crimson imp (D:4)
  A shadow imp (D:3)
  3 bats (D:1)
  4 quokkas (D:1)
  8 rats (D:1)
17 creatures vanquished.

Grand Total: 104 creatures vanquished

Notes
Turn   | Place    | Note
--------------------------------------------------------------
     0 | D:1      | Psiweapon, the Felid Summoner, began the quest for the Orb.
     0 | D:1      | Reached XP level 1. HP: 7/7 MP: 4/4
  1086 | D:1      | Reached XP level 2. HP: 11/11 MP: 1/5
  2268 | D:1      | Learned a level 2 spell: Call Imp
  2506 | D:1      | Reached XP level 3. HP: 14/14 MP: 0/8
  2657 | D:2      | Found a bloodstained altar of Trog.
  3341 | D:2      | Reached XP level 4. HP: 11/18 MP: 0/10
  3465 | D:2      | Reached skill level 1 in Unarmed Combat
  4442 | D:3      | Noticed Ijyb
  4492 | D:3      | Killed Ijyb
  4916 | D:4      | Noticed hunterx7d's ghost (average DsWz)
  4924 | D:4      | Mangled by hunterx7d's ghost
  4925 | D:4      | Reached XP level 3. HP: -6/14 MP: 0/8
  4936 | D:4      | Found an iron altar of Okawaru.
  4936 | D:4      | Found a basalt altar of Yredelemnul.
  4937 | D:4      | Found a glowing golden altar of the Shining One.
  4947 | D:4      | Killed from afar by hunterx7d's ghost

Action                   |  1- 3 |  4- 6 || total
-------------------------+-------+-------++-------
Melee: Unarmed           |   127 |    70 ||   197
 Cast: Summon Small Mamm |    50 |       ||    50
       Call Imp          |    26 |    24 ||    50
 Abil: Jump Attack       |     2 |     2 ||     4
  Use: Scroll            |       |     6 ||     6
 Stab: Sleeping          |     6 |     3 ||     9
       Distracted        |     1 |     2 ||     3
  Eat: Chunk             |    15 |     4 ||    19
